 Dungeon Sprint DCSS version 0.19-a0-188-ga21aea4 (webtiles) character file.

292 Kidiri the Fighter (level 8, -3/79 HPs)
             Began as a Hill Orc Fighter on May 23, 2016.
             Was an Elder of Makhleb.
             Slain by an alligator (15 damage)
             ... in the Dungeon (Sprint VI: "Thunderdome").
             The game lasted 00:07:07 (735 turns).

Kidiri the Fighter (Hill Orc Fighter)                Turns: 735, Time: 00:07:08

Health: -3/79      AC: 11    Str: 21    XL:     8   Next: 72%
Magic:  11/11      EV: 12    Int:  8    God:    Makhleb [****..]
Gold:   93         SH: 11    Dex: 14    Spells: 0 memorised, 7 levels left

rFire  . . .     SeeInvis .     a - +0 long sword
rCold  . . .     Gourm    .     b - +0 scale mail
rNeg   . . .     Faith    .     c - +0 shield
rPois  .         Spirit   .     p - +0 helmet "Hihibeh" {*Confuse MR+ Dex+4 Stlth+} (curse)
rElec  .         Dismiss  .     q - +0 cloak
rCorr  .         Reflect  .     (no gloves)
SustAt .         Harm     .     (no boots)
MR     +....     NoTele   +     (no amulet)
Stlth  +.........               (no ring)
                                (no ring)

@: somewhat resistant to hostile enchantments, very unstealthy
A: screaming 1, no device heal 1, MP-powered wands
a: Minor Destruction, Lesser Servant of Makhleb, Major Destruction, Renounce
Religion


You were in the Dungeon.
You worshipped Makhleb.
Makhleb was greatly pleased with you.
You were hungry.

You visited 1 branch You collected 600 gold pieces.
You spent 507 gold pieces at shops.

Inventory:

Hand Weapons
 a - a +0 long sword (weapon)
Armour
 b - a +0 scale mail (worn)
 c - a +0 shield (worn)
 p - the cursed +0 helmet "Hihibeh" (worn) {*Confuse MR+ Dex+4 Stlth+}
   (You bought it in a shop in the Dungeon)

   It affects your dexterity (+4).
   It affects your resistance to hostile enchantments.
   It may confuse you when you take damage.
   It makes you more stealthy.
   It has a curse placed upon it.
 q - a +0 cloak (worn)
Wands
 l - a wand of acid (1/15)
 m - a wand of iceblast (5/15)
Scrolls
 k - 4 scrolls of blinking
 n - 3 scrolls of fog
Potions
 d - a potion of might
 e - a potion of curing
 h - 4 potions of haste
 i - 2 potions of magic
 o - a potion of resistance
Comestibles
 f - a bread ration


   Skills:
 * Level 9.7 Fighting
 * Level 8.7 Long Blades
 + Level 4.7 Throwing
 * Level 9.0 Armour
 * Level 6.1 Dodging
 * Level 8.9 Shields
 + Level 5.3 Invocations
 + Level 5.1 Evocations


You had 7 spell levels left.
You didn't know any spells.

Dungeon Overview and Level Annotations

Branches:
Dungeon (1/1)

Altars:
Cheibriados
Dithmenos
Fedhas
Gozag
Kikubaaqudgha
Makhleb
Okawaru
Pakellas
Qazlal
Ru
Sif Muna
Trog
Vehumet
Xom
Yredelemnul
Zin
The Shining One
Jiyva
Lugonu

Shops:
D *[%??*?*:[((!!!!


Innate Abilities, Weirdness & Mutations

You occasionally shout uncontrollably at your foes.
Potions and wands are less effective at restoring your health.
You expend magic power (3 MP) to strengthen your wands.


Message History

The alligator puts on a burst of speed!
Okay, then.
The alligator barely misses you. The alligator tail-slaps you.
You hit the alligator.
The alligator is lightly wounded.
The alligator bites you!!
* * * LOW HITPOINT WARNING * * *
The alligator tail-slaps you.
* * * LOW HITPOINT WARNING * * *
Unknown command.
You slash the alligator!
The alligator is lightly wounded.
The alligator barely misses you. You block the alligator's attack.
Unknown command.
Press: ? - help, Shift-Dir - straight line, f - alligator
Aim: an alligator (lightly wounded, covering ground quickly)
The zap hits the alligator.
The alligator is lightly wounded.
The alligator bites you!
You die...

#⌠......)....§#
##.8)........8.######
_...)..###......_._∩##
.....8.# #.8........∩###
.......###.............##
....###...###..).......⌠#
....# #.<.# #..........⌠#
....###...###...w......§#
.......###......@t.....##
.....8.# #.8........∩###
......3###......_._∩##
##.8.........8.######
#⌠...........⌠#
###.........###
#_......._# #_......._#
#_......._#


You could see an alligator and a giant leech.

Vanquished Creatures
  7 neqoxecs (D)
  2 necrophages (D)
  A wight (D)
  6 vampire bats (D)
  A gnoll shaman (D)
  Crazy Yiuf (D)
  3 gnolls (D)
  An adder skeleton (D)
  A bat skeleton (D)
23 creatures vanquished.

Notes
Turn   | Place    | Note
--------------------------------------------------------------
     0 | D        | Kidiri the Hill Orc Fighter began the quest for the Orb.
     0 | D        | Reached XP level 1. HP: 19/19 MP: 1/1
     1 | D        | Found a bloodstained altar of Trog.
     2 | D        | Found a radiant altar of Vehumet.
     2 | D        | Found an iron altar of Okawaru.
     3 | D        | Found a shimmering altar of Xom.
     4 | D        | Found Capau's Identification Station.
     4 | D        | Found a basalt altar of Yredelemnul.
     4 | D        | Found a blossoming altar of Fedhas.
     4 | D        | Found Omusseuw's Bee Food.
     5 | D        | Found Joetaiv's Advanced Armour.
     5 | D        | Found Daghuol's Jewellery.
     5 | D        | Round 1.
    10 | D        | Found an opulent altar of Gozag.
    28 | D        | Found a corrupted altar of Lugonu.
    28 | D        | Found Aviloew's Premium Goods.
    28 | D        | Found Gadezoz's Miscellaneous Merchandise.
    29 | D        | Found Coicysur's Basic Armour.
    34 | D        | Found Koaqy's Weapon Rack.
    34 | D        | Found an ancient bone altar of Kikubaaqudgha.
    34 | D        | Found a sacrificial altar of Ru.
    34 | D        | Found a snail-covered altar of Cheibriados.
    43 | D        | Found a viscous altar of Jiyva.
    47 | D        | Found a stormy altar of Qazlal.
    47 | D        | Found Pofreu's Do-It-Yourself Clinic.
    47 | D        | Found Wiarimian's Bottled Wisdom.
    48 | D        | Found Eqaellol's Distillery.
    53 | D        | Found Yhadesh's Distillery.
    53 | D        | Found a burning altar of Makhleb.
    53 | D        | Found a deep blue altar of Sif Muna.
    57 | D        | Noticed a gnoll shaman
    66 | D        | Noticed Crazy Yiuf
    69 | D        | Killed a gnoll shaman
    69 | D        | Reached skill level 1 in Throwing
    69 | D        | Reached skill level 1 in Dodging
    69 | D        | Reached skill level 1 in Evocations
    69 | D        | Reached XP level 2. HP: 21/28 MP: 2/2
    69 | D        | Reached XP level 3. HP: 25/34 MP: 3/3
    80 | D        | Killed Crazy Yiuf
    80 | D        | Reached skill level 5 in Fighting
    81 | D        | Found a glowing silver altar of Zin.
    85 | D        | Found a glowing golden altar of the Shining One.
    86 | D        | Found a shadowy altar of Dithmenos.
    87 | D        | Found Epimmo's Staff Store.
    88 | D        | Found an oddly glowing altar of Pakellas.
    88 | D        | Found Fisyblurph's Magic Scroll Shop.
    88 | D        | Found Igifinas's Must-Have Magic.
    88 | D        | Found Dynoloqo's Magic Scroll Shop.
    98 | D        | Reached XP level 4. HP: 36/42 MP: 2/5
   115 | D        | Arena points: 12 (+12) [x2]
   115 | D        | Reached skill level 5 in Shields
   146 | D        | Round 2.
   162 | D        | Reached skill level 5 in Armour
   162 | D        | Reached XP level 5. HP: 20/50 MP: 6/6
   170 | D        | Noticed a necrophage
   179 | D        | Killed a necrophage
   179 | D        | Reached skill level 5 in Long Blades
   253 | D        | Became a worshipper of Makhleb the Destroyer
   274 | D        | Noticed a necrophage
   283 | D        | Killed a necrophage
   283 | D        | Arena points: 48 (+36) [x3]
   283 | D        | Reached skill level 1 in Invocations
   283 | D        | Reached XP level 6. HP: 23/58 MP: 8/8
   336 | D        | Round 3.
   356 | D        | Reached * piety under Makhleb
   433 | D        | Reached ** piety under Makhleb
   433 | D        | Reached XP level 7. HP: 60/65 MP: 9/9
   490 | D        | Arena points: 132 (+84) [x4]
   524 | D        | Round 4.
   532 | D        | Noticed a neqoxec
   532 | D        | Gained mutation: You are frail. (-10% HP) [a neqoxec]
   536 | D        | Gained mutation: You tend to lose your temper in combat. [a neqoxec]
   550 | D        | Killed a neqoxec
   550 | D        | Reached *** piety under Makhleb
   550 | D        | Reached skill level 5 in Dodging
   555 | D        | Bought a smoking helmet for 332 gold pieces
   560 | D        | Identified the cursed +0 helmet "Hihibeh" {*Confuse MR+ Dex+4 Stlth+} (You bought it in a shop in the Dungeon)
   564 | D        | Noticed a neqoxec
   572 | D        | Gained mutation: You expend magic power (3 MP) to strengthen your wands. [a neqoxec]
   582 | D        | Killed a neqoxec
   590 | D        | Noticed a neqoxec
   590 | D        | Noticed a neqoxec
   592 | D        | Noticed a neqoxec
   593 | D        | Gained mutation: Your magical capacity is low. (-10% MP) [a neqoxec]
   595 | D        | Killed a neqoxec
   595 | D        | Reached XP level 8. HP: 49/68 MP: 10/10
   601 | D        | Gained mutation: Potions and wands are less effective at restoring your health. [a neqoxec]
   616 | D        | Reached **** piety under Makhleb
   621 | D        | Reached skill level 5 in Invocations
   632 | D        | Gained mutation: You occasionally shout uncontrollably at your foes. [a neqoxec]
   640 | D        | Gained mutation: Your body sometimes deteriorates upon taking damage. [a neqoxec]
   642 | D        | Gained mutation: You sometimes yell uncontrollably at your foes. [a neqoxec]
   648 | D        | Arena points: 292 (+160) [x5]
   648 | D        | Reached skill level 5 in Evocations
   664 | D        | Bought a potion of cure mutation for 175 gold pieces
   664 | D        | Lost mutation: Your body sometimes deteriorates upon taking damage. [potion of cure mutation]
   664 | D        | Lost mutation: Your magical capacity is low. (-10% MP) [potion of cure mutation]
   664 | D        | Lost mutation: You tend to lose your temper in combat. [potion of cure mutation]
   664 | D        | Lost mutation: You sometimes yell uncontrollably at your foes. [potion of cure mutation]
   664 | D        | Lost mutation: You are frail. (-10% HP) [potion of cure mutation]
   684 | D        | Round 5.
   726 | D        | Noticed an alligator
   726 | D        | Noticed a giant leech
   735 | D        | Slain by an alligator

Vault maps used:
D:        arena_sprint

Skill      XL: |  1  2  3  4  5  6  7  8 |
---------------+-------------------------+-----
Fighting       | 4 5 7 9 |  9.7
Long Blades    | 3 4 6 8 |  8.7
Throwing       | 1 2 3 4 |  4.7
Armour         | 4 5 6 7 8 9 |  9.0
Dodging        | 1 2 3 4 5 6 |  6.1
Shields        | 4 5 6 7 8 |  8.9
Evocations     | 1 2 3 4 5 |  5.1
Invocations    | 1 2 4 5 |  5.3

Action                   |  1- 3 |  4- 6 |  7- 9 || total
-------------------------+-------+-------+-------++-------
Melee: Long sword        |    22 |    54 |    72 ||   148
Invok: Minor Destruction |       |       |     2 ||     2
Evoke: Wand              |     1 |       |     3 ||     4
  Use: Potion            |     1 |       |     5 ||     6
Armor: Scale mail        |     3 |    24 |    28 ||    55
Dodge: Dodged            |     5 |    17 |    36 ||    58
Block: Shield            |    18 |    31 |    62 ||   111
